 Dungeon Crawl Stone Soup version 0.31-a0-876-gfe8ebadbca (webtiles) character file.

Game seed: 17319235125580626998

7823 oldriver the Cleaver (level 11, -12/109 HPs)
             Began as a Gargoyle Fighter on Oct 14, 2023.
             Was an Elder of Okawaru.
             Mangled by a death yak (18 damage)
             ... on level 2 of the Lair of Beasts.
             The game lasted 00:12:45 (9610 turns).

oldriver the Cleaver (Gargoyle Fighter)             Turns: 9610, Time: 00:12:46

Health: -12/109    AC: 29    Str: 23    XL:     11   Next: 21%
Magic:  10/14      EV:  2    Int: 10    God:    Okawaru [****..]
Gold:   950        SH:  9    Dex:  9    Spells: 10/10 levels left

rFire   . . .        z - +0 hand axe (heavy)
rCold   . . .        c - +0 buckler
rNeg    + . .        b - melded +0 scale mail
rPois   ∞            k - melded +2 helmet
rElec   .            (cloak currently unavailable)
rCorr   .            D - melded +0 pair of gloves
SInv    .            (boots currently unavailable)
Will    ++...        o - amulet of reflection
Stlth   +            n - +4 ring of protection
HPRegen 0.38/turn    s - ring of willpower
MPRegen 0.14/turn

%: reflection
@: mighty, tree-form (expiring), enlightened, hasted, very quick
A: stationary, stasis, torment immunity, boosted hp, sickness immunity, AC +8,
negative energy resistance 1, (electricity resistance), torment resistance 1,
petrification resistance
a: Renounce Religion, Heroism, Finesse


You were on level 2 of the Lair of Beasts.
You worshipped Okawaru.
Okawaru was greatly pleased with you.
You were a tree.
You visited 3 branches of the dungeon, and saw 13 of its levels.

You collected 950 gold pieces.

Inventory:

Hand Weapons
 i - a +1 whip of flaming
 y - a +2 heavy war axe
 z - a +0 heavy hand axe (weapon)
Missiles
 j - a throwing net
 w - 6 silver javelins
Armour
 b - a +0 scale mail (melded)
 c - a +0 buckler (worn)
 k - a +2 helmet (melded)
 D - a +0 pair of gloves (melded)
Jewellery
 n - a +4 ring of protection (left branch)
 o - an amulet of reflection (around neck)
 s - a ring of willpower (right branch)
Wands
 l - a wand of mindburst (15)
 x - a wand of polymorph (5)
Scrolls
 e - 3 scrolls of identify
 f - 2 scrolls of immolation
 h - 4 scrolls of revelation
 q - a scroll of silence
 B - a scroll of amnesia
Potions
 a - 2 potions of attraction
 d - 3 potions of might
 g - a potion of lignification
 m - a potion of magic
 t - 3 potions of mutation


   Skills:
 + Level 10.7 Fighting
 * Level 12.0 Axes
 + Level 4.4 Armour
 + Level 1.6 Dodging
 - Level 4.0 Shields
 + Level 4.4 Invocations


You had 10 spell levels left.
You didn't know any spells.
Your spell library contained the following spells:

 Spells                   Type           Power      Damage    Failure   Level
 Magic Dart               Conj           0%         1d3       41%         1
 Scorch                   Fire           0%         2d5       56%         2
 Mephitic Cloud           Conj/Pois/Air  0%         N/A       80%         3
 Sigil of Binding         Hex            0%         N/A       80%         3
 Dimensional Bullseye     Hex/Tloc       0%         N/A       99%         4
 Flame Wave               Conj/Fire      0%         2d4       99%         4
 Leda's Liquefaction      Hex/Erth       0%         N/A       99%         4
 Petrify                  Tmut/Erth      0%         N/A       99%         4
 Irradiate                Conj/Tmut      0%         3d11      100%        5
 Call Imp                 Summ           Unusable   N/A       N/A         2
 Sublimation of Blood     Necr           Unusable   N/A       N/A         2
 Call Canine Familiar     Summ           Unusable   N/A       N/A         3
 Summon Cactus Giant      Summ           Unusable   N/A       N/A         6

Dungeon Overview and Level Annotations

Branches:
Dungeon (10/15)            Temple (1/1) D:4            Lair (2/5) D:8
  Swamp: Lair:2-3    Shoals: Lair:2-3     Snake: Lair:2-3    Spider: Lair:2-3
    Orc: D:9-12

Altars:
Ashenzari
Cheibriados
Dithmenos
Elyvilon
Fedhas
Gozag
Hepliaklqana
Kikubaaqudgha
Makhleb
Nemelex Xobeh
Okawaru
Qazlal
Ru
Sif Muna
Trog
Uskayaw
Vehumet
Wu Jian
Xom
Yredelemnul
Zin
The Shining One

Annotations:
D:7 3 runed translucent doors, Droidtality99's ghost, amateur HOFi
D:8 3 runed translucent doors, Danienth's ghost, novice FeEn


Innate Abilities, Weirdness & Mutations

You are a tree.
Your roots penetrate the ground, keeping you stationary.
You cannot be teleported.
You are immune to unholy pain and torment.
Your maximum health is greatly increased.
Your equipment is partially melded.
You are immune to sickness and miasma.
((Your stone body is resilient. (AC +8)))
You are immune to poison.
You resist negative energy. (rN+)
((You are resistant to electric shocks. (rElec)))
You are resistant to unholy torment.
You are immune to petrification.


Message History

The death yak gores you but does no damage. x2
The death yak gores you.
* * * LOW HITPOINT WARNING * * *
You hit the death yak but do no damage.
The death yak is lightly wounded.
You hit the bullfrog.
You kill the bullfrog!
Okawaru accepts your kill.
You hit the wolf. You miss the wolf. You closely miss the wolf.
You barely miss the wolf. You hit the death yak.
You hit the death yak but do no damage. The wolf bites you but does no damage.
The wolf bites you.
* * * LOW HITPOINT WARNING * * *
The wolf bites you but does no damage. x2; You block the wolf's attack.
You block the death yak's attack.
You hit the death yak.
The death yak is lightly wounded.
You hit the wolf but do no damage. You closely miss the wolf.
You barely miss the death yak. You closely miss the wolf.
You barely miss the death yak. You closely miss the black mamba.
You barely miss the wolf. You block the wolf's attack. x2
You block the black mamba's attack. The wolf completely misses you.
The death yak gores you.
* * * LOW HITPOINT WARNING * * *
You block the death yak's attack. The wolf bites you.
* * * LOW HITPOINT WARNING * * *
The wolf bites you.
* * * LOW HITPOINT WARNING * * *
Okay, then.
You hit the death yak but do no damage.
The death yak is lightly wounded.
You completely miss the death yak. You slash the wolf! You hit the death yak.
You hit the black mamba. You closely miss the wolf. You slice the wolf!! x2
You kill the wolf!
Okawaru accepts your kill.
The black mamba bites you but does no damage.
The wolf bites you but does no damage. x2
The death yak gores you but does no damage.
You block the wolf's attack. The death yak gores you!!
You die...

..............
..............
[$...P...#...
.....#...P..
...........#
.........#.#
.......h...###
#..YYh....#
.....#h♣h#...#
...#..YS..)..# .
#..........#
...............
.........../#......
..<........P#......
#........P.........
...........#P......
....... . .....


You could see 3 death yaks, a black mamba and 4 wolves.

Vanquished Creatures
  A hydra (Lair:2)
  2 komodo dragons
  A wraith (D:9)
  2 wyverns
  19 yaks
  2 vampire mosquitoes (D:9)
  2 water moccasins
  4 orc warriors
  An ice beast (D:5)
  A black bear (D:6)
  2 wolves
  A centaur (D:7)
  3 ogres
  8 bullfrogs
  3 wights (D:7)
  10 killer bees
  8 hounds
  A gnoll bouda (D:8)
  3 jellies
  An iguana (D:6)
  4 orc priests
  2 sleepcaps
  6 orc wizards
  A mummy (D:5)
  7 gnolls
  5 adders
  2 shadow imps
  2 worms (D:4)
  6 dart slugs
  21 orcs
  2 ball pythons (D:1)
  6 endoplasms
  A giant cockroach (D:3)
  6 goblins
  3 hobgoblins
  2 jackals (D:1)
  9 kobolds
  5 quokkas
  2 bats
  6 frilled lizards
  A hobgoblin zombie (D:5)
  2 kobold zombies (D:5)
  An orc zombie (D:5)
  5 rats
182 creatures vanquished.

Notes
Turn   | Place    | Note
-------+----------+-------------------------------------------
     0 | D:1      | oldriver the Gargoyle Fighter began the quest for the Orb.
     0 | D:1      | Reached XP level 1. HP: 14/14 MP: 1/1
    47 | D:1      | Reached skill level 2 in Axes
   162 | D:1      | Reached XP level 2. HP: 16/19 MP: 2/2
   430 | D:1      | Reached XP level 3. HP: 24/24 MP: 3/3
   852 | D:2      | Reached skill level 3 in Axes
  1073 | D:2      | Reached XP level 4. HP: 29/29 MP: 4/4
  2316 | D:4      | Found a staircase to the Ecumenical Temple.
  2469 | Temple   | Entered the Ecumenical Temple
  2696 | D:4      | Reached XP level 5. HP: 34/34 MP: 5/5
  2828 | D:4      | Found a glowing golden altar of the Shining One.
  3386 | D:4      | Reached skill level 4 in Axes
  3537 | D:5      | Entered Level 5 of the Dungeon
  3579 | D:5      | Found a sacrificial altar of Ru.
  3649 | D:5      | Noticed an ice beast
  3659 | D:5      | Killed an ice beast
  3660 | D:5      | Reached skill level 5 in Fighting
  3660 | D:5      | Reached XP level 6. HP: 40/40 MP: 6/6
  3672 | D:5      | Found an opulent altar of Gozag.
  3716 | D:5      | Found an iron altar of Okawaru.
  3719 | D:5      | Found a white marble altar of Elyvilon.
  3765 | D:5      | Reached skill level 5 in Axes
  4221 | D:6      | Reached XP level 7. HP: 30/45 MP: 7/7
  4312 | D:6      | Found a radiant altar of Vehumet.
  4312 | D:6      | Found a stormy altar of Qazlal.
  4346 | D:6      | Reached skill level 6 in Axes
  4510 | D:5      | Found a burning altar of Makhleb.
  4515 | D:5      | Became a worshipper of Warmaster Okawaru
  4692 | D:6      | Reached XP level 8. HP: 18/52 MP: 8/8
  4692 | D:6      | Found a shimmering altar of Xom.
  5009 | D:6      | Found a shimmering altar of Xom.
  5018 | D:6      | Found a shimmering altar of Xom.
  5422 | D:7      | Reached skill level 7 in Axes
  5427 | D:7      | Reached * piety under Okawaru
  5549 | D:7      | Found a basalt altar of Yredelemnul.
  5591 | D:7      | Noticed Droidtality99's ghost (amateur HOFi)
  5616 | D:7      | Found a shimmering blue altar of Sif Muna.
  5909 | D:7      | Reached skill level 8 in Axes
  6119 | D:7      | Found a runed translucent gate.
  6120 | D:7      | Found a runed translucent gate.
  6127 | D:7      | Found a runed translucent gate.
  6284 | D:8      | Reached XP level 9. HP: 57/58 MP: 9/9
  6287 | D:8      | Reached ** piety under Okawaru
  6350 | D:8      | Reached skill level 1 in Dodging
  6570 | D:8      | Found a staircase to the Lair.
  6628 | D:8      | Found a blossoming altar of Fedhas.
  6709 | D:8      | Found a runed translucent gate.
  6710 | D:8      | Found a runed translucent gate.
  6710 | D:8      | Noticed Danienth's ghost (novice FeEn)
  6712 | D:8      | Found a runed translucent gate.
  6735 | D:8      | Reached skill level 9 in Axes
  6841 | D:8      | Found a glowing silver altar of Zin.
  7204 | D:9      | Reached skill level 1 in Invocations
  7405 | D:9      | Reached *** piety under Okawaru
  7552 | Lair:1   | Entered Level 1 of the Lair of Beasts
  7608 | Lair:1   | Reached skill level 10 in Axes
  7608 | Lair:1   | Reached XP level 10. HP: 46/66 MP: 10/12
  8068 | D:9      | Reached **** piety under Okawaru
  8081 | D:9      | Reached skill level 11 in Axes
  8298 | D:9      | Reached skill level 10 in Fighting
  8739 | D:9      | Reached XP level 11. HP: 73/73 MP: 14/14
  9072 | D:10     | Entered Level 10 of the Dungeon
  9091 | D:10     | Reached ***** piety under Okawaru
  9537 | Lair:1   | You fall into a shaft and drop 1 floor!
  9537 | Lair:2   | Noticed a six-headed hydra
  9558 | Lair:2   | Noticed a death yak
  9558 | Lair:2   | Noticed a death yak
  9558 | Lair:2   | Noticed a death yak
  9568 | Lair:2   | Killed a six-headed hydra
  9569 | Lair:2   | Reached skill level 12 in Axes
  9570 | Arena    | Entered the Arena
  9610 | Lair:2   | Mangled by a death yak

Illustrated notes

Levels and vault maps discovered:
D:1:      dpeg_arrival_arbitrary_c, layout_loops_corners
D:2:      layout_loops_corners, corner_web_ring
D:3:      minmay_skewed_foursquare, layout_basic, minmay_strange_pillars
D:4:      layout_basic, mainiacjoe_overflow_24_doors,
          minmay_temple_entry_antechambers, serial_rivers,
          chequers_serial_rivers_large_b, chequers_serial_rivers_small_a,
          chequers_serial_rivers_large_a, chequers_serial_rivers_micro_a,
          nicolae_hexahallways
D:5:      layout_basic, nicolae_overflow_hidden_temple,
          nicolae_gozag_cash_rules_everything_around_me, minmay_mini_ossuary
D:6:      layout_basic, mainiacjoe_overflow_large_starburst, xom_redecorated
D:7:      layout_basic, amcnicky_altar_gilded, mainiacjoe_overflow_paths,
          gammafunk_ghost_split
D:8:      layout_loops_cross, mainiacjoe_overflow_small_starburst,
          mainiacjoe_overflow_six_doors_small, grunt_lair_entry_orc_guard_hut,
          ebering_ghost_rock_garden
D:9:      layout_gridville
D:10:     lemuel_troll_bridge, layout_irregular_city
Temple:   dpeg_three_leaves_temple
Lair:1:   layout_regular_city, lemuel_fruit_fields, grunt_megastairs_3,
          infiniplex_staircase_pool_2, serial_bayou_shore_a
Lair:2:   layout_long_grid, minmay_shoals_entry_lonely_mermaid,
          hellmonk_spider_entry_not_the_bees, ebering_ghost_disaster_area

Skill      XL: |  1  2  3  4  5  6  7  8  9 10 11 |
---------------+----------------------------------+-----
Axes           | 2 3 4 5 6 8 10 11 12 | 12.0
Fighting       | 4 5 6 7 9 10 | 10.7
Dodging        | 1 |  1.6
Armour         | 4 |  4.4
Shields        | 4 |  4.0
Invocations    | 3 4 |  4.4

Action                     |  1- 3 |  4- 6 |  7- 9 | 10-12 || total
---------------------------+-------+-------+-------+-------++-------
  Melee: War axe           |    72 |   131 |    79 |       ||   282
         Hand axe          |       |       |   242 |   176 ||   418
         Whip              |       |       |       |    25 ||    25
 Invoke: Heroism           |       |       |       |     2 ||     2
         Duel              |       |       |       |     1 ||     1
  Evoke: Wand              |       |     5 |     3 |       ||     8
    Use: Scroll            |     3 |     7 |     8 |     2 ||    20
         Potion            |       |       |     1 |     6 ||     7
 Armour: Scale mail        |    47 |    75 |   229 |   181 ||   532
         Skin              |       |       |       |    38 ||    38
  Dodge: Dodged            |    32 |    49 |   122 |    91 ||   294
  Block: Buckler           |     9 |    21 |   106 |   132 ||   268

Table legend: (Time is in decaauts)
 A = Elapsed time spent in this place.
 B = Non-inter-level travel time spent in this place.
 C = Inter-level travel time spent in this place.
 D = Time resting spent in this place.
 E = Time spent auto-exploring this place.
 F = Levels seen in this place.
 G = Mean time per level.
                   A        B        C        D        E       F      G
               +--------+--------+--------+--------+--------+-----+--------+
         Total |   9668 |   9040 |    628 |   1024 |   6541 |  14 |  690.6 |
       Dungeon |   9073 |   8484 |    589 |    778 |   6353 |  10 |  907.3 |
        Temple |     15 |     15 |      0 |      0 |      0 |   1 |   15.0 |
          Lair |    556 |    518 |     38 |    226 |    188 |   2 |  278.0 |
         Arena |     22 |     22 |      0 |     19 |      0 |   1 |   22.0 |
               +--------+--------+--------+--------+--------+-----+--------+

Top non-repeatable levels by time:
     D:9: 1658 daAuts
     D:4: 1266 daAuts
     D:6: 1141 daAuts
     D:8: 1042 daAuts
     D:1: 844 daAuts
     D:5: 839 daAuts
     D:3: 760 daAuts
     D:7: 752 daAuts
     D:2: 747 daAuts
  Lair:1: 532 daAuts
  Lair:2: 24 daAuts
   Arena: 22 daAuts
    D:10: 20 daAuts
  Temple: 15 daAuts
